 Dungeon Crawl Stone Soup version 0.24.0-1-gfbc8707 (webtiles) character file.

Game seed: 6842016572675986047, levelgen mode: deterministic

66 Buxparty the Sneak (level 4, -3/24 HPs)
             Began as a Kobold Enchanter on Dec 28, 2019.
             Slain by a hound (5 damage)
             ... on level 4 of the Dungeon.
             The game lasted 00:06:08 (2054 turns).

Buxparty the Sneak (Kobold Enchanter)               Turns: 2054, Time: 00:06:08

Health: -3/24      AC:  2    Str:  5    XL:     4   Next: 37%
Magic:  7/7        EV: 16    Int: 16    God:
Gold:   38         SH:  0    Dex: 16    Spells: 6/7 levels left

rFire    . . .     SeeInvis .   a - +1 dagger
rCold    . . .     Gourm    .   (shield restricted)
rNeg     + . .     Faith    .   b - +0 robe
rPois    .         Spirit   .   (no helmet)
rElec    .         Reflect  .   (no cloak)
rCorr    .         Harm     .   (no gloves)
MR       .....                  (no boots)
Stlth    +++.......             h - amulet of the acrobat
HPRegen  0.08/turn              p - ring of positive energy
MPRegen  0.10/turn              (no ring)

@: no status effects
A: small, carnivore
a: no special abilities


You were on level 4 of the Dungeon.
You were not hungry.

You visited 2 branches of the dungeon, and saw 4 of its levels.

You collected 38 gold pieces.

Inventory:

Hand Weapons
 a - a +1 dagger (weapon)
Armour
 b - a +0 robe (worn)
Jewellery
 h - an amulet of the acrobat (around neck)
 p - a ring of positive energy (left hand)
Scrolls
 c - a scroll of blinking {unknown}
 g - a scroll of magic mapping {unknown}
 i - 4 scrolls of enchant weapon {unknown}
 k - a scroll of enchant armour {unknown}
 l - a scroll of remove curse {unknown}
 m - 3 scrolls of identify {unknown}
 o - a scroll of fear {unknown}
 q - a scroll of teleportation {unknown}
Potions
 e - a potion of cancellation {unknown}
 f - 2 potions of resistance {unknown}
 j - 2 potions of brilliance {unknown}
 n - a potion of curing {unknown}
Comestibles
 d - a ration


   Skills:
 + Level 0.4 Fighting
 + Level 2.1 Short Blades
 + Level 3.0 Dodging
 + Level 6.1 Stealth
 - Level 2.1 Spellcasting
 - Level 3.0 Hexes


You had 6 spell levels left.
You knew the following spells:

 Your Spells              Type           Power        Failure   Level  Hunger
a - Corona                Hex            ##.....      6%          1    #......

Your spell library contained the following spells:

 Spells                   Type           Power        Failure   Level  Hunger
 Ensorcelled Hibernation  Hex/Ice        #.....       17%         2    ###....
 Confuse                  Hex            ##......     19%         3    ###....
 Tukima's Dance           Hex            ##......     19%         3    ###....
 Dazzling Spray           Conj/Hex       #.....       32%         3    ###....


Dungeon Overview and Level Annotations

Branches:
Dungeon (4/15)             Temple (1/1) D:4

Altars:
Elyvilon
Fedhas
Gozag
Qazlal
Uskayaw
Vehumet
Zin
The Shining One
Lugonu


Innate Abilities, Weirdness & Mutations

You are small and have problems with some larger weapons.
You are carnivorous and can eat meat at any time.


Message History

The hound barely misses you. The hound closely misses you.
You hit the hound.
The hound is heavily wounded.
The hound closely misses you.
You barely miss the hound.
The hound is heavily wounded.
The hound pauses to sniff the ground.
The hound barely misses you.
You hit the hound but do no damage.
The hound is heavily wounded.
The hound closely misses you. The hound barely misses you.
You hit the hound.
The hound is heavily wounded.
You hear the rusting of a distant drain.
The hound bites you.
* * * LOW HITPOINT WARNING * * *
You closely miss the hound.
The hound is heavily wounded.
The hound bites you.
You die...

# .# .# #.# .# #.# ##
#.# #+## #.# #...## #.#
##.....## ##.##
##.......#
########...####h@.......
..............'.........
########...####.........
#...# ##.......# ...#.#
##.....## #.#...# #...##
#.##### #+## . .#


You could see a hound.

Vanquished Creatures
  A centaur skeleton (D:4)
  A worm (D:4)
  A leopard gecko (D:1)
  4 bats
  2 giant cockroaches
  4 goblins
  6 hobgoblins
  6 jackals
  A frilled lizard (D:1)
  5 kobolds
  2 rats (D:1)
33 creatures vanquished.

Notes
Turn   | Place    | Note
-------+----------+-------------------------------------------
     0 | D:1      | Buxparty the Kobold Enchanter began the quest for the Orb.
     0 | D:1      | Reached XP level 1. HP: 10/10 MP: 3/3
   677 | D:1      | Reached XP level 2. HP: 15/15 MP: 5/5
   996 | D:1      | Reached skill level 5 in Stealth
  1018 | D:1      | You fall into a shaft and drop 1 floor!
  1087 | D:1      | Reached XP level 3. HP: 19/19 MP: 6/6
  1820 | D:2      | You fall into a shaft and drop 2 floors!
  1879 | D:4      | Found a staircase to the Ecumenical Temple.
  1884 | D:4      | Reached skill level 6 in Stealth
  1884 | D:4      | Reached XP level 4. HP: 24/24 MP: 7/7
  1892 | Temple   | Entered the Ecumenical Temple
  2054 | D:4      | Slain by a hound

Levels and vault maps discovered:
D:1:      minmay_arrival_split_and_join, layout_basic
D:2:      layout_loops_ring, chequers_ecumenical_altar_simple,
          minmay_pentomino_u2
D:4:      layout_loops_corners, minmay_temple_entry_junction,
          cheibrodos_sewer_entry_sluice
Temple:   corrupted_temple

Skill      XL: |  1  2  3 |
---------------+----------+-----
Stealth        | 5 6 |  6.1
Short Blades   | 2 |  2.1
Dodging        | 3 |  3.0
Fighting       | |  0.4
Spellcasting   | |  2.1
Hexes          | |  3.0

Action                   |  1- 3 |  4- 6 || total
-------------------------+-------+-------++-------
Melee: Dagger            |   109 |    27 ||   136
 Stab: Sleeping          |    12 |     2 ||    14
       Distracted        |       |     1 ||     1
  Eat: Chunk             |     4 |       ||     4
Armor: Robe              |    18 |     1 ||    19
Dodge: Dodged            |    78 |    28 ||   106
